 Dungeon Sprint DCSS version 0.16-a0-3803-gd4b2de5 (console) character file.

264 Monkaria the Carver (level 6, -11/63 HPs)
             Began as a Hill Orc Fighter on Jan 26, 2015.
             Was a Follower of Makhleb.
             Mangled by a hill giant
             ... wielding a +0 giant club
              (24 damage)
             ... in the Dungeon (Sprint IX: "|||||||||||||||||||||||||||||").
             The game lasted 00:01:00 (288 turns).

Monkaria the Carver (Hill Orc Fighter)               Turns: 288, Time: 00:01:01

Health: -11/63     AC:  9    Str: 24    XL:     6   Next: 19%
Magic:  6/6        EV:  7    Int:  8    God:    Makhleb [*.....]
Gold:   0          SH: 10    Dex: 13    Spells: 0 memorised, 5 levels left

rFire  . . .     SeeInvis .     p - +2 scimitar (flame)
rCold  . . .     Clarity  .     b - +0 scale mail
rNeg   . . .     SustAb   .     c - +0 shield
rPois  .         Gourm    .     (no helmet)
rElec  .         Spirit   .     r - +0 cloak
rCorr  .         Warding  .     q - +0 pair of gloves
rMut   .         NoTele   +     (no boots)
MR     .....                    (no amulet)
Stlth  ..........               u - +3 ring of dexterity
                                t - +3 ring of strength

@: not resistant to hostile enchantments, extremely unstealthy
A: no striking features
a: Renounce Religion


You were in the Dungeon.
You worshipped Makhleb.
Makhleb was aware of your devotion.
You were not hungry.

You visited 1 branch

Inventory:

Hand weapons
 p - a +2 scimitar of flaming (weapon)
Armour
 b - a +0 scale mail (worn)
 c - a +0 shield (worn)
 q - a +0 pair of gloves (worn)
 r - a +0 cloak (worn)
 s - a +0 plate armour
Jewellery
 t - a +3 ring of strength (left hand)
 u - a +3 ring of dexterity (right hand)
Magical devices
 o - a wand of cold (5)
Scrolls
 k - 2 scrolls of blinking
 m - 3 scrolls of remove curse
 n - 2 scrolls of amnesia
Potions
 e - a potion of might
 f - 5 potions of curing
 g - 3 potions of heal wounds
 h - a potion of haste
 i - 4 potions of magic
 j - a potion of berserk rage
 l - a potion of invisibility
Comestibles
 d - a meat ration


   Skills:
 + Level 9.3 Fighting
 * Level 11.1 Long Blades
 - Level 3.2 Armour
 - Level 3.2 Shields


You had 5 spell levels left.
You didn't know any spells.

Dungeon Overview and Level Annotations

Branches:
Dungeon (1/1)

Altars:
Cheibriados
Dithmenos
Elyvilon
Fedhas
Gozag
Kikubaaqudgha
Makhleb
Nemelex Xobeh
Okawaru
Qazlal
Ru
Sif Muna
Trog
Vehumet
Xom
Yredelemnul
Zin
The Shining One
Beogh
Jiyva
Lugonu


Message History

The hill giant barely misses you.
You hit the hill giant. You burn the hill giant.
The hill giant is heavily wounded.
The shadow imp throws its arms wide.
The dead are walking and flying!
The hill giant hits you with a giant club! 2 zombies come into view.
You slash the hill giant! You burn the hill giant.
The hill giant is severely wounded.
The wyvern zombie bites you but does no damage.
Your shield and scale mail prevent you from hitting the hill giant.
The hill giant is severely wounded.
The hill giant hits you with a giant club!!
* * * LOW HITPOINT WARNING * * *
You block the wyvern zombie's attack.
Your shield and scale mail prevent you from hitting the hill giant.
The hill giant is severely wounded.
You block the wyvern zombie's attack.
The hill giant hits you with a giant club!!
You die... ▓▓▓▓▓▓▓▓▓▓▓▓▓▓▓▓▓▓▓▓▓▓▓▓▓ +...Z*5C@Z...)|..'_______ ▓▓▓▓▓▓▓▓▓▓▓▓▓▓▓▓▓▓▓▓▓▓▓▓▓

You could see a hill giant, a shadow imp, a wyvern zombie, a big kobold zombie and a giant spore.

Vanquished Creatures
  A wyvern (D)
  A big kobold (D)
  A worker ant (D)
  A bat zombie (D)
  3 hobgoblins (D)
  2 kobolds (D)
  A bat (D)
  A giant cockroach zombie (D)
  A goblin (D)
  A rat (D)
13 creatures vanquished.

Vanquished Creatures (others)
  A spatial maelstrom (D)
1 creature vanquished.

Grand Total: 14 creatures vanquished

Notes
Turn   | Place    | Note
--------------------------------------------------------------
     0 | D        | Monkaria, the Hill Orc Fighter, began the quest for the Orb.
     0 | D        | Reached XP level 1. HP: 19/19 MP: 1/1
    12 | D        | Reached skill level 4 in Fighting
    15 | D        | Banished a spatial maelstrom
   199 | D        | Reached XP level 2. HP: 26/28 MP: 2/2
   219 | D        | Found a glowing silver altar of Zin.
   219 | D        | Found a glowing golden altar of the Shining One.
   219 | D        | Found an ancient bone altar of Kikubaaqudgha.
   219 | D        | Found a basalt altar of Yredelemnul.
   219 | D        | Found a shimmering altar of Xom.
   219 | D        | Found a radiant altar of Vehumet.
   219 | D        | Found an iron altar of Okawaru.
   220 | D        | Found a burning altar of Makhleb.
   221 | D        | Found a deep blue altar of Sif Muna.
   222 | D        | Found a bloodstained altar of Trog.
   223 | D        | Found a sparkling altar of Nemelex Xobeh.
   224 | D        | Found a white marble altar of Elyvilon.
   225 | D        | Found a roughly hewn altar of Beogh.
   226 | D        | Found a viscous altar of Jiyva.
   227 | D        | Found a corrupted altar of Lugonu.
   228 | D        | Found a blossoming altar of Fedhas.
   229 | D        | Became a worshipper of Makhleb the Destroyer
   230 | D        | Found a snail-covered altar of Cheibriados.
   231 | D        | Found a shadowy altar of Dithmenos.
   232 | D        | Found a stormy altar of Qazlal.
   233 | D        | Found an opulent altar of Gozag.
   234 | D        | Found a sacrificial altar of Ru.
   277 | D        | Noticed a hill giant
   277 | D        | Noticed a worker ant
   277 | D        | Noticed a big kobold
   277 | D        | Noticed a wyvern
   279 | D        | Killed a big kobold
   279 | D        | Reached skill level 6 in Fighting
   279 | D        | Reached skill level 7 in Long Blades
   279 | D        | Reached XP level 3. HP: 34/38 MP: 3/3
   279 | D        | Reached XP level 4. HP: 40/45 MP: 4/4
   280 | D        | Killed a wyvern
   280 | D        | Acquired Makhleb's first power
   280 | D        | Reached skill level 9 in Fighting
   280 | D        | Reached skill level 10 in Long Blades
   280 | D        | Reached XP level 5. HP: 45/57 MP: 5/5
   280 | D        | Reached XP level 6. HP: 49/63 MP: 6/6
   283 | D        | Killed a worker ant
   283 | D        | Reached skill level 11 in Long Blades
   288 | D        | Mangled by a hill giant

Action                   |  1- 3 |  4- 6 || total
-------------------------+-------+-------++-------
Melee: Long sword        |    33 |       ||    33
       Scimitar          |       |     9 ||     9
Evoke: Wand              |     1 |     1 ||     2
